 Dungeon Crawl Stone Soup version 0.29.0-11-gd7f09526c8 (webtiles) character file.

Game seed: 17861636646952408973

312 firemarshallily the Sneak (level 6, -10/42 HPs)
             Began as an Octopode Brigand on Sept 5, 2022.
             Was a Believer of Jiyva.
             Killed by nerve-wracking pain
             ... invoked by an orc priest
              (13 damage)
             ... on level 4 of the Dungeon.
             The game lasted 00:07:21 (2726 turns).

firemarshallily the Sneak (Octopode Brigand)        Turns: 2726, Time: 00:07:22

Health: -10/42     AC:  1    Str: 10    XL:     6   Next: 42%
Magic:  6/6        EV: 12    Int: 14    God:    Jiyva [**....]
Gold:   132        SH:  0    Dex: 15    Spells: 5/5 levels left

rFire   . . .      SeeInvis .   a - +3 dagger
rCold   . . .      Faith    .   (no shield)
rNeg    . . .      Spirit   .   (helmet restricted)
rPois   .          Reflect  .   (no amulet)
rElec   .          Harm     .   (no ring)
rCorr   +          Rampage  .   (no ring)
Will    .....                   (no ring)
Stlth   +++++.....              (no ring)
HPRegen 1.10/turn               (no ring)
MPRegen 0.40/turn               (no ring)
                                (no ring)
                                (no ring)

@: no status effects
A: almost no armour, amphibious, 8 rings, camouflage 1, gelatinous body 1,
(nimble swimmer 1), tentacles
a: Renounce Religion


You were on level 4 of the Dungeon.
You worshipped Jiyva.
Jiyva was pleased with you.
You visited 1 branch of the dungeon, and saw 4 of its levels.

You collected 154 gold pieces.
You spent 22 gold pieces at shops.

Inventory:

Hand Weapons
 a - a +3 dagger (weapon)
Missiles
 b - 13 poisoned darts (quivered)
 c - 3 curare-tipped darts
Wands
 i - a wand of iceblast (10)
Scrolls
 d - a scroll of torment
 g - 2 scrolls of immolation
 j - a scroll of amnesia
 m - a scroll of identify
Potions
 f - a potion of brilliance
 h - a potion of might {unknown}
 k - 2 potions of magic {unknown}
 l - a potion of attraction {unknown}


   Skills:
 + Level 3.4 Fighting
 * Level 4.4 Short Blades
 - Level 2.0 Throwing
 - Level 1.0 Dodging
 * Level 7.8 Stealth


You had 5 spell levels left.
You didn't know any spells.
Your spell library was empty.

Dungeon Overview and Level Annotations

Branches:
Dungeon (4/15)             Temple (0/1) D:4

Altars:
Gozag
Jiyva

Shops:
D:1 *(?


Innate Abilities, Weirdness & Mutations

You cannot wear most types of armour.
You are amphibious.
You can wear up to eight rings at the same time.
Your skin changes colour to match your surroundings (Stealth+).
Your rubbery body absorbs attacks. (AC +1, EV +1)
((You are camouflaged when in or above water. (Stealth+)))
You have tentacles for arms and can constrict up to eight enemies at once.


Message History

The orc priest is moderately wounded.
You constrict the orc.
You constrict the orc priest, but do no damage.
The orc misses you. The orc priest hits you with a +0 mace!
You hit the orc priest.
The orc priest is moderately wounded.
You constrict the orc.
You kill the orc!
You constrict the orc priest. The orc priest closely misses you.
You hit the orc priest but do no damage.
The orc priest is moderately wounded.
You constrict the orc priest. The orc priest closely misses you.
You hit the orc priest but do no damage.
You squeeze the orc priest, but do no damage.
The orc priest is heavily wounded.
You constrict the orc priest, but do no damage.
The orc priest hits you with a +0 mace.
You completely miss the orc priest.
You squeeze the orc priest, but do no damage.
The orc priest is heavily wounded.
You constrict the orc priest, but do no damage.
You hit the orc priest but do no damage.
The orc priest is heavily wounded.
You constrict the orc priest.
The orc priest invokes the aid of Beogh against you.
Beogh smites you!
* * * LOW HITPOINT WARNING * * *
You hit the orc priest but do no damage.
You squeeze the orc priest, but do no damage.
The orc priest is heavily wounded.
You constrict the orc priest.
The orc priest mumbles some strange prayers to Beogh against you.
Beogh smites you!
* * * LOW HITPOINT WARNING * * *
You hit the orc priest.
The orc priest is almost dead.
You constrict the orc priest, but do no damage.
The orc priest calls down the wrath of Beogh upon you.
Pain shoots through your body!
You die...

#...........
......##^..........
.....##...........
....##...........
##...##...........
###########....##...........
#........##....##...........
#..............##o.).†......
...............@)..†.......
##............#####.........
P#............## #....?....
...............# ####......
P..............# ######
).#...........##
####.........## #
##.......## ##....###


You could see an orc priest.

Vanquished Creatures
  An ogre (D:4)
  A scorpion (D:4)
  An iguana (D:4)
  7 adders
  A dart slug (D:1)
  3 orcs (D:4)
  3 endoplasms
  4 giant cockroaches
  8 goblins
  7 hobgoblins
  4 jackals (D:1)
  9 kobolds
  2 quokkas
  8 ball pythons
  7 bats
  6 frilled lizards
  4 rats
76 creatures vanquished.

Vanquished Creatures (others)
  A jelly (D:3)
  An endoplasm (D:3)
  A ball python (D:4)
  2 quokkas (D:4)
  13 plants
18 creatures vanquished.

Grand Total: 94 creatures vanquished

Notes
Turn   | Place    | Note
-------+----------+-------------------------------------------
     0 | D:1      | firemarshallily the Octopode Brigand began the quest for
                  | the Orb.
     0 | D:1      | Reached XP level 1. HP: 14/14 MP: 1/1
    50 | D:1      | Reached XP level 2. HP: 13/19 MP: 2/2
   305 | D:1      | Found Saon's Assorted Antiques.
   380 | D:1      | Found Qireboxi's Antique Weapon Shoppe.
   385 | D:1      | Found Qaeheph's Magic Scroll Shoppe.
   398 | D:1      | Bought a scroll of identify for 22 gold pieces
   601 | D:1      | Reached XP level 3. HP: 12/24 MP: 3/3
  1005 | D:1      | Reached skill level 6 in Stealth
  1271 | D:2      | Reached XP level 4. HP: 30/30 MP: 4/4
  2141 | D:3      | Found a faded altar of an unknown god.
  2148 | D:3      | Prayed at the altar of an unknown god.
  2148 | D:3      | Became a worshipper of Jiyva Jype the Shapeless
  2148 | D:3      | Reached * piety under Jiyva
  2198 | D:3      | Noticed an ice beast
  2198 | D:3      | Noticed a centaur
  2303 | D:3      | Reached XP level 5. HP: 36/36 MP: 5/5
  2459 | D:4      | Reached skill level 7 in Stealth
  2577 | D:4      | Found an opulent altar of Gozag.
  2612 | D:4      | Noticed an ogre
  2626 | D:4      | Killed an ogre
  2627 | D:4      | Reached XP level 6. HP: 42/42 MP: 6/6
  2661 | D:4      | Found a staircase to the Ecumenical Temple.
  2671 | D:4      | Reached ** piety under Jiyva
  2726 | D:4      | Killed from afar by an orc priest

Illustrated notes

Levels and vault maps discovered:
D:1:      minmay_arrival_plants_in_alcoves, layout_loops_cross, serial_shops,
          shop, shop, shop, chequers_big_river, solitary_fountain
D:2:      layout_loops_ring
D:3:      layout_rooms, dilly_ecumenical_altar_fadedgnrine,
          lightli_corner_chamber
D:4:      layout_cave_pods, mainiacjoe_overflow_catch_the_wave,
          minmay_temple_entry_gardened_gates

Skill      XL: |  1  2  3  4  5 |
---------------+----------------+-----
Stealth        | 6 7 |  7.8
Short Blades   | 3 4 |  4.4
Fighting       | 3 |  3.4
Throwing       | |  2.0
Dodging        | |  1.0

Action                   |  1- 3 |  4- 6 || total
-------------------------+-------+-------++-------
Melee: Dagger            |    71 |    84 ||   155
       Constrict         |    15 |    18 ||    33
       Tentacles         |     9 |    20 ||    29
       Punch             |     2 |       ||     2
  Use: Scroll            |     3 |     5 ||     8
       Potion            |       |     2 ||     2
 Stab: Sleeping          |     8 |    15 ||    23
Armor: Skin              |    11 |     3 ||    14
Dodge: Dodged            |    33 |    46 ||    79
